 Dungeon Crawl Stone Soup version 0.18.1-8-gdd0e5ea (webtiles) character file.

381 tself55 the Cleaver (level 6, -11/51 HPs)
             Began as a Hill Orc Fighter on June 2, 2016.
             Mangled by Menkaure (17 damage)
             ... on level 4 of the Dungeon.
             The game lasted 00:04:51 (2202 turns).

tself55 the Cleaver (Hill Orc Fighter)              Turns: 2202, Time: 00:04:51

Health: -11/51     AC:  9    Str: 19    XL:     6   Next: 75%
Magic:  6/6        EV:  7    Int: 10    God:
Gold:   235        SH:  9    Dex: 10    Spells: 0 memorised, 5 levels left

rFire  . . .     SeeInvis .     a - +0 war axe
rCold  . . .     Gourm    .     b - +0 scale mail
rNeg   . . .     Faith    .     c - +0 shield
rPois  .         Spirit   .     (no helmet)
rElec  .         Dismiss  .     (no cloak)
rCorr  .         Reflect  .     s - +1 pair of gloves
SustAt .         Harm     .     (no boots)
MR     .....                    (no amulet)
Stlth  ..........               (no ring)
                                (no ring)

@: not resistant to hostile enchantments, extremely unstealthy
A: no striking features
a: no special abilities


You were on level 4 of the Dungeon.
You were hungry.

You visited 1 branch of the dungeon, and saw 4 of its levels.

You collected 235 gold pieces.

Inventory:

Hand Weapons
 a - a +0 war axe (weapon)
Missiles
 w - 4 poisoned javelins (quivered)
Armour
 b - a +0 scale mail (worn)
 c - a +0 shield (worn)
 s - a +1 pair of gloves (worn)
Jewellery
 u - an uncursed amulet of harm
Wands
 d - a wand of lightning (4/15)
Scrolls
 h - 2 scrolls of magic mapping {unknown}
 j - 3 scrolls of identify {unknown}
 l - 4 scrolls of remove curse {unknown}
 m - a scroll of amnesia {unknown}
 t - a scroll of fog {unknown}
Potions
 e - a potion of cancellation {unknown}
 i - a potion of resistance {unknown}
 o - a potion of curing {unknown}
 p - a potion of flight {unknown}
 q - a potion of cure mutation {unknown}
Comestibles
 f - 2 bread rations
 g - 4 meat rations
 k - a fruit
 n - a slice of pizza
 r - a beef jerky


   Skills:
 - Level 3.6 Fighting
 * Level 8.0 Axes
 - Level 3.2 Armour
 + Level 4.9 Shields


You had 5 spell levels left.
You didn't know any spells.

Dungeon Overview and Level Annotations

Branches:
Dungeon (4/15)
 Temple: D:4-7

Altars:
Dithmenos
Nemelex Xobeh
Okawaru
Trog
Yredelemnul

Annotations:
D:4 Menkaure


Message History

Your body is wracked with pain!
You are feeling hungry.
Menkaure giggles, "These cerements are ticklish..."
You barely miss Menkaure. You block Menkaure's attack.
You hit Menkaure but do no damage. Menkaure completely misses you.
You hit Menkaure.
Menkaure is moderately damaged.
Menkaure mumbles some strange words.
Menkaure seems to speed up.
You slash Menkaure!
Menkaure is severely damaged.
Menkaure hits you.
You closely miss Menkaure.
Menkaure is severely damaged.
Menkaure hits you!!
* * * LOW HITPOINT WARNING * * *
You barely miss Menkaure.
Menkaure is severely damaged.
Menkaure hits you!
You die...

#............>............##
##..................>....##
##......................###
#................#.....<.#
..............#...........#
..........................#
..........................#
...........)))..........#
.......M@.(............#
....####..............# .
#............(.#
####...........#
#....######## #....# #....#
######


You could see Menkaure.

Vanquished Creatures
  The ghost of richardnixon the Slicer, an amateur KoAs (D:4)
  An ogre (D:4)
  An orc wizard (D:3)
  4 adders
  4 dart slugs
  A giant gecko (D:3)
  11 orcs
  3 bats
  7 giant cockroaches
  8 goblins
  6 hobgoblins
  4 jackals (D:2)
  6 kobolds
  2 quokkas (D:3)
  A ball python (D:1)
  3 giant newts
  2 rats (D:3)
65 creatures vanquished.

Notes
Turn   | Place    | Note
--------------------------------------------------------------
     0 | D:1      | tself55 the Hill Orc Fighter began the quest for the Orb.
     0 | D:1      | Reached XP level 1. HP: 19/19 MP: 1/1
    79 | D:1      | Reached skill level 3 in Axes
   100 | D:1      | Reached XP level 2. HP: 24/26 MP: 2/2
   105 | D:1      | Reached skill level 4 in Axes
   391 | D:1      | Reached XP level 3. HP: 30/31 MP: 3/3
   641 | D:2      | Found a shadowy altar of Dithmenos.
   705 | D:2      | Found a bloodstained altar of Trog.
   980 | D:3      | Found a sparkling altar of Nemelex Xobeh.
   990 | D:3      | Reached skill level 5 in Axes
  1025 | D:3      | Found a basalt altar of Yredelemnul.
  1109 | D:3      | Reached XP level 4. HP: 39/39 MP: 4/4
  1174 | D:3      | Found an iron altar of Okawaru.
  1510 | D:4      | Noticed an ogre
  1529 | D:4      | Killed an ogre
  1529 | D:4      | Reached skill level 6 in Axes
  1529 | D:4      | Reached XP level 5. HP: 45/45 MP: 5/5
  1535 | D:4      | Noticed richardnixon's ghost (amateur KoAs)
  1562 | D:4      | Killed richardnixon's ghost
  1562 | D:4      | Reached skill level 7 in Axes
  1562 | D:4      | Reached XP level 6. HP: 31/51 MP: 6/6
  1758 | D:4      | Noticed Menkaure
  1787 | D:3      | Reached skill level 8 in Axes
  2202 | D:4      | Mangled by Menkaure

Skill      XL: |  1  2  3  4  5  6 |
---------------+-------------------+-----
Axes           | 3 4 5 6 7 8 |  8.0
Shields        | 4 |  4.9
Fighting       | |  3.6
Armour         | |  3.2

Action                   |  1- 3 |  4- 6 || total
-------------------------+-------+-------++-------
Melee: War axe           |   122 |    85 ||   207
Throw: Javelin           |       |     3 ||     3
  Use: Potion            |       |     1 ||     1
  Eat: Chunk             |     1 |     3 ||     4
Armor: Scale mail        |    62 |    44 ||   106
Dodge: Dodged            |    28 |    24 ||    52
Block: Shield            |    73 |    38 ||   111
